 Dungeon Crawl Stone Soup version 0.28-a0-439-g4cf4cd4993 (console) character file.

Game seed: 3301175547709751700

714 Mandevil the Stinger (level 7, -4/53 (57) HPs)
             Began as a Yellow Draconian Venom Mage on Sept 11, 2021.
             Was a High Priest of Ru.
             Slain by Grinder (6 damage)
             ... while paralysed by Grinder
             ... on level 5 of the Dungeon.
             The game lasted 00:22:04 (5998 turns).

Mandevil the Stinger (Yellow Draconian Venom Mage)  Turns: 5998, Time: 00:22:04

HP:   -4/53 (57)    AC:  6    Str: 10    XL:     7   Next: 41%
MP:   13/13         EV:  2    Int: 17    God:    Ru [*****.]
Gold: 115           SH:  0    Dex: 12    Spells: 4/14 levels left

rFire   . . .      SeeInvis .   a - +3 whip (elec)
rCold   . . .      Faith    .   (no shield)
rNeg    . . .      Spirit   .   (armour unavailable)
rPois   .          Reflect  +   (helmet restricted)
rElec   .          Harm     .   (no cloak)
rCorr   +          Rampage  .   (no gloves)
Will    .....                   (no boots)
Stlth   ++........              p - amulet of reflection
HPRegen 0.17/turn               (no ring)
MPRegen 0.13/turn               (no ring)

@: paralysed, drained
A: spit acid, AC +6, unfitting armour, cold-blooded, inability to use devices,
inability to train dodging, acid resistance
a: Breathe Acid, Renounce Religion, Draw Out Power, Power Leap, Apocalypse


You were on level 5 of the Dungeon.
You worshipped Ru.
Ru was extremely pleased with you.
You visited 1 branch of the dungeon, and saw 5 of its levels.

You collected 196 gold pieces.
You spent 81 gold pieces at shops.

Inventory:

Hand Weapons
 a - a +3 whip of electrocution (weapon)
 k - a +0 trident
 o - a +3 war axe
 q - a +0 dagger
 r - a +2 whip of freezing
Missiles
 e - 21 poisoned darts
Magical Staves
 b - a staff of death
Jewellery
 p - an amulet of reflection (around neck)
Scrolls
 d - 4 scrolls of teleportation
Potions
 f - a potion of magic
 g - 2 potions of flight
 h - a potion of brilliance
 i - a potion of lignification {unknown}
 l - a potion of might {unknown}
 m - a potion of mutation


   Skills:
 + Level 3.4 Fighting
 - Level 1.9 Stealth
 + Level 4.2 Spellcasting
 + Level 2.5 Conjurations
 - Level 3.0 Transmutations
 + Level 5.2 Poison Magic


You had 4 spell levels left.
You knew the following spells:

 Your Spells              Type           Power      Damage    Failure   Level
a - Sting                 Tmut/Pois      68%        1d6       2%          1
b - Poisonous Vapours     Pois/Air       24%        N/A       8%          2
t - Olgreb's Toxic Radia  Pois           21%        N/A       19%         4
M - Mephitic Cloud        Conj/Pois/Air  12%        N/A       16%         3

Your spell library contained the following spells:

 Spells                   Type           Power      Damage    Failure   Level


Dungeon Overview and Level Annotations

Branches:
Dungeon (5/15)
 Temple: D:4-7

Altars:
Kikubaaqudgha
Ru
Wu Jian

Shops:
D:1 *:?   D:4 *

Annotations:
D:5 Grinder


Innate Abilities, Weirdness & Mutations

You can spit globs of acid.
Your golden yellow scales are hard. (AC +6)
You cannot fit into any form of body armour.
You are cold-blooded and may be slowed by cold attacks.
You cannot study or use magical devices.
You cannot train Dodging skill.
You are resistant to acid. (rCorr)


Message History

Something hits you but does no damage.
You hit something but do no damage. The necrophage closely misses you.
Something hits you but does no damage.
You barely miss something. The necrophage hits you. Something hits you.
You writhe in agony.
You focus your inner power and blind something in retribution!
You barely miss something. The necrophage completely misses you.
Something tries to affect you, but you resist.
You hit something.
Your tail-slap misses something.
The necrophage completely misses you. Something hits you.
You barely miss something.
Your tail-slap misses something.
The necrophage hits you but does no damage.
Something tries to affect you, but you resist.
You completely miss something. You tail-slap something.
The necrophage hits you but does no damage.
Something hits you.
You writhe in agony.
You focus your inner power and slow something in retribution!
Unknown command.
You hit something. The necrophage barely misses you.
Something tries to affect you, but you resist.
You block the necrophage's attack.
Unknown command.
You whack something!
Your tail-slap misses something.
The necrophage completely misses you.
Unknown command.
You closely miss something.
You suddenly lose the ability to move!
The necrophage hits you.
You feel drained. Something hits you but does no damage.
The necrophage hits you.
You feel drained.
You focus your inner power and slow the necrophage in retribution!
Grinder appears from thin air!
Reactivating autopickup.
The necrophage hits you.
* * * LOW HITPOINT WARNING * * *
You feel drained.
* * * LOW HITPOINT WARNING * * *
Grinder hits you!
* * * LOW HITPOINT WARNING * * *
You writhe in agony.
You die...

#.# ###.## ###.>
##.# ##...## #..#
..###..####.....#
##.##
#..........####.##
#..# #.........##
#..###.##
#######..##
##.##..# #### #..#
#....## #...###5#
#.....# #....nd.#
#..####....
##......# #..##
.### ###.......##
.. ###....## ..#
.##..# ... .# ##.#
.### # #.# ##


You could see Grinder (blind, slow) and a necrophage (slow).

Vanquished Creatures
  Edmund (D:5)
  A black bear (D:5)
  An ogre (D:5)
  A phantom (D:5)
  A howler monkey (D:5)
  Terence (D:3)
  3 iguanas
  3 orc wizards
  A howler monkey skeleton (D:5)
  3 gnolls (D:4)
  4 adders
  A shadow imp (D:5)
  An adder skeleton (D:4)
  2 dart slugs
  6 orcs
  5 ball pythons
  6 bats
  4 endoplasms
  A giant cockroach (D:2)
  6 goblins
  5 hobgoblins
  4 kobolds
  2 frilled lizards
  4 rats
67 creatures vanquished.

Notes
Turn   | Place    | Note
-------+----------+-------------------------------------------
     0 | D:1      | Mandevil the Draconian Venom Mage began the quest for the
                  | Orb.
     0 | D:1      | Reached XP level 1. HP: 14/14 MP: 3/3
    21 | D:1      | Found Witzetwemn's Magic Scroll Emporium.
   376 | D:1      | Found Zonla's Book Emporium.
   649 | D:1      | Found Hoatwat's General Store.
   731 | D:1      | Reached XP level 2. HP: 20/20 MP: 1/5
  1030 | D:1      | Found a faded altar of an unknown god.
  1093 | D:1      | Became a worshipper of Ru the Awakened
  1096 | D:1      | Gained mutation: You cannot train Dodging skill. [Ru
                  | sacrifice]
  1096 | D:1      | Reached * piety under Ru
  1096 | D:1      | Reached ** piety under Ru
  1334 | D:2      | Learned a level 2 spell: Poisonous Vapours
  1510 | D:2      | Reached XP level 3. HP: 9/26 MP: 2/6
  2816 | D:3      | Noticed a phantom
  3332 | D:3      | Noticed Terence
  3348 | D:3      | Killed Terence
  3349 | D:3      | Reached XP level 4. HP: 26/33 MP: 2/8
  3602 | D:3      | Learned a level 3 spell: Mephitic Cloud
  3988 | D:4      | Reached skill level 4 in Poison Magic
  4044 | D:4      | Reached XP level 5. HP: 33/39 MP: 5/9
  4305 | D:4      | Found Busoebol's Assorted Antiques.
  4313 | D:4      | Bought a scroll of teleportation for 81 gold pieces
  4414 | D:4      | Reached skill level 1 in Fighting
  4502 | D:4      | Gained mutation: You cannot study or use magical devices.
                  | [Ru sacrifice]
  4502 | D:4      | Reached *** piety under Ru
  4502 | D:4      | Reached **** piety under Ru
  4502 | D:4      | Reached ***** piety under Ru
  4558 | D:4      | Found an ancient bone altar of Kikubaaqudgha.
  4776 | D:4      | Found an ornate altar of the Wu Jian Council.
  4877 | D:4      | Learned a level 4 spell: Olgreb's Toxic Radiance
  5093 | D:5      | Entered Level 5 of the Dungeon
  5199 | D:5      | Reached XP level 6. HP: 37/48 MP: 3/11
  5279 | D:5      | Reached skill level 1 in Conjurations
  5570 | D:5      | Noticed Edmund
  5587 | D:5      | Killed Edmund
  5588 | D:5      | Reached skill level 5 in Poison Magic
  5588 | D:5      | Your scales start taking on a golden yellow colour.
  5588 | D:5      | Reached XP level 7. HP: 57/57 MP: 4/13
  5588 | D:5      | Gained mutation: You are resistant to acid. (rCorr) [Yellow
                  | Draconian growth]
  5950 | D:5      | Noticed Grinder
  5995 | D:5      | Paralysed by something for 6 turns
  5998 | D:5      | HP: 2/53 [Grinder (8)]
  5998 | D:5      | Slain by Grinder

Illustrated notes

Levels and vault maps discovered:
D:1:      minmay_arrival_plants_in_alcoves, layout_loops_corners,
          dreamdust_ecumenical_altar_angels_and_demons, serial_shops,
          nicolae_square_shop, nicolae_shop_waterfront, nicolae_lakefront_shop
D:2:      layout_loops_cross, minmay_misc_feat_pillars
D:3:      layout_loops_corners, uniq_terence
D:4:      layout_loops_ring, nicolae_kikubaaqudgha_miasma_corner,
          mainiacjoe_overflow_24_doors, serial_shops, shop,
          minmay_close_crescents
D:5:      layout_layer_cave, lemuel_zombie_altar_yredelemnul,
          minmay_temple_entry_offerings, minmay_tree_intersection,
          chequers_mini_garden, uniq_grinder, uniq_pikel, uniq_edmund

Skill      XL: |  1  2  3  4  5  6 |
---------------+-------------------+-----
Dodging        | 0 |  0.0
Transmutations | 2 3 |  3.0
Spellcasting   | 3 4 |  4.2
Poison Magic   | 4 5 |  5.2
Fighting       | 2 3 |  3.4
Conjurations   | 2 |  2.5
Stealth        | |  1.9

Action                   |  1- 3 |  4- 6 |  7- 9 || total
-------------------------+-------+-------+-------++-------
Melee: Staff             |    25 |       |       ||    25
       Tailslap          |     2 |     5 |     1 ||     8
       Dagger            |     9 |    18 |       ||    27
       Whip              |       |    54 |    16 ||    70
Throw: Dart              |     2 |       |       ||     2
 Cast: Sting             |    51 |    26 |     1 ||    78
       Poisonous Vapours |     7 |    26 |       ||    33
       Mephitic Cloud    |       |     2 |       ||     2
Invok: Sacrifice Nimblen |     1 |       |       ||     1
       Sacrifice Artific |       |     1 |       ||     1
 Abil: Breathe Acid      |       |       |     3 ||     3
  Use: Scroll            |     3 |     6 |     1 ||    10
       Potion            |     1 |     1 |       ||     2
 Stab: Sleeping          |       |     2 |     1 ||     3
       Confused          |       |     1 |       ||     1
       Paralysed         |       |     1 |       ||     1
Armor: Skin              |    22 |    19 |     7 ||    48
Dodge: Dodged            |    33 |    36 |     8 ||    77
Block: Other             |       |    13 |     2 ||    15

Table legend: (Time is in decaauts)
 A = Elapsed time spent in this place.
 B = Non-inter-level travel time spent in this place.
 C = Inter-level travel time spent in this place.
 D = Time resting spent in this place.
 E = Time spent auto-exploring this place.
 F = Levels seen in this place.
 G = Mean time per level.
                   A        B        C        D        E       F      G
               +--------+--------+--------+--------+--------+-----+--------+
         Total |   6011 |   5871 |    140 |   1556 |   3197 |   5 | 1202.2 |
       Dungeon |   6011 |   5871 |    140 |   1556 |   3197 |   5 | 1202.2 |
               +--------+--------+--------+--------+--------+-----+--------+

Top non-repeatable levels by time:
     D:1: 1491 daAuts
     D:3: 1302 daAuts
     D:4: 1222 daAuts
     D:2: 1155 daAuts
     D:5: 839 daAuts
